 Dungeon Sprint DCSS version 0.16.2-2-g470672f (webtiles) character file.

1118 ericwiseman123 the Grappler (level 8, -3/138 HPs)
             Began as a Troll Berserker on Sept 1, 2015.
             Was a High Priest of Trog.
             Slain by Snorg (26 damage)
             ... in the Dungeon (Sprint III: "The Ten Rune Challenge").
             The game lasted 00:02:31 (841 turns).

ericwiseman123 the Grappler (Troll Berserker)        Turns: 841, Time: 00:02:31

Health: -3/138     AC:  5    Str: 33    XL:     8   Next: 12%
Magic:  3/3        EV: 12    Int:  3    God:    Trog [*****.]
Gold:   35         SH:  0    Dex:  9    Spells: 0 memorised, 7 levels left

rFire  . . .     SeeInvis .       - Unarmed
rCold  . . .     Clarity  .     b - +0 animal skin
rNeg   . . .     SustAb   .     (shield restricted)
rPois  .         Gourm    +     (helmet restricted)
rElec  .         Spirit   .     (no cloak)
rCorr  .         Warding  .     (gloves unavailable)
rMut   .         NoTele   +     (boots unavailable)
MR     .....                    (no amulet)
Stlth  ..........               (no ring)
                                (no ring)

@: berserking, very quick, not resistant to hostile enchantments, extremely
unstealthy
A: unfitting armour, claws 3, fast metabolism 3, gourmand, regeneration 2,
shaggy fur 1, tough skin 2
a: Burn Spellbooks, Berserk, Trog's Hand, Brothers in Arms, Renounce Religion


You were in the Dungeon.
You worshipped Trog.
Trog was extremely pleased with you.
You were not hungry.

You visited 1 branch You collected 35 gold pieces.

Inventory:

Hand weapons
 r - a +3 executioner's axe of distortion
Missiles
 i - 17 stones (quivered)
Armour
 b - a +0 animal skin (worn)
Scrolls
 h - a scroll of blinking
 k - 2 scrolls of torment {unknown}
 l - 3 scrolls of identify
 m - a scroll of remove curse {unknown}
 p - a scroll of random uselessness {unknown}
Potions
 c - a potion of curing
 d - 2 potions of heal wounds
 e - a potion of haste
 f - 2 potions of magic
 g - 2 potions of berserk rage
 j - 2 potions of decay {unknown}
 n - 4 potions of cure mutation
 o - a potion of restore abilities {unknown}
 q - a potion of degeneration {unknown}
Miscellaneous
 s - a stone of tremors
Comestibles
 a - 4 meat rations


   Skills:
 + Level 9.5 Fighting
 + Level 3.4 Armour
 + Level 7.4 Dodging
 + Level 11.0 Unarmed Combat


You had 7 spell levels left.
You didn't know any spells.

Dungeon Overview and Level Annotations

Branches:
Dungeon (1/1)

Altars:
Cheibriados
Dithmenos
Elyvilon
Fedhas
Gozag
Kikubaaqudgha
Makhleb
Nemelex Xobeh
Okawaru
Qazlal
Ru
Sif Muna
Trog
Vehumet
Xom
Yredelemnul
Zin
The Shining One
Jiyva
Lugonu

Annotations:
D Snorg


Innate Abilities, Weirdness & Mutations

You are too large for most types of armour.
You have claws for hands.
Your metabolism is lightning-fast.
You like to eat raw meat.
You heal very quickly.
You are covered in fur (AC +1).
You have very tough skin (AC +2).


Message History

Snorg barely misses you. Snorg claws you. Snorg claws you!
You claw Snorg!
Snorg begins to bleed from his wounds!
Snorg is lightly wounded.
You claw Snorg!
Snorg is moderately wounded.
Snorg goes berserk!
You scratch Snorg.
Snorg is moderately wounded.
Snorg bites you!! Snorg barely misses you. Snorg claws you!!
Use which ability? (? or * to list)
A red film seems to cover your vision as you go berserk!
You feel yourself moving faster!
You feel mighty!
You feel somewhat more hungry. Snorg bites you!!
* * * LOW HITPOINT WARNING * * *
Snorg claws you.
* * * LOW HITPOINT WARNING * * *
Snorg claws you!
* * * LOW HITPOINT WARNING * * *
Snorg bites you!!
You die...

♣.#___#__[#__#
♣.#.).#.).#._#
..###'#'###)##
..#..........#
..'.⌠........#
..#...######'#
..#.⌠.#__#...#+#####
..#.).#__#...#.§§§§+
..#'###__#...#§#@§§#
..#.).#__#...'.#T§§#
..#___#_.'...#.#§§§#
▓▓▓▓▓▓▓▓▓▓▓▓▓▓▓▓▓▓▓


You could see Snorg (berserk).

Vanquished Creatures
  A deep elf priest (D)
  A shadow (D)
  A spatial vortex (D)
  A necrophage (D)
  A water elemental (D)
  A scorpion (D)
  A jelly (D)
  A necromancer (D)
  A wizard (D)
  A kobold demonologist (D)
  3 humans (D)
  Jessica (D)
  A giant mite (D)
  2 rats (D)
17 creatures vanquished.

Vanquished Creatures (others)
  2 draconian scorchers (D)
  An electric eel (D)
3 creatures vanquished.

Grand Total: 20 creatures vanquished

Notes
Turn   | Place    | Note
--------------------------------------------------------------
     0 | D        | ericwiseman123, the Troll Berserker, began the quest for the Orb.
     0 | D        | Reached XP level 1. HP: 22/22 MP: 1/1
    14 | D        | Noticed Jessica
    20 | D        | Killed Jessica
    20 | D        | Acquired Trog's second power
    20 | D        | Reached skill level 4 in Unarmed Combat
    20 | D        | Reached XP level 2. HP: 25/31 MP: 1/1
    77 | D        | Reached skill level 5 in Unarmed Combat
    77 | D        | Reached XP level 3. HP: 9/39 MP: 2/2
   238 | D        | Noticed a scorpion
   242 | D        | Killed a scorpion
   242 | D        | Reached skill level 5 in Fighting
   242 | D        | Reached skill level 6 in Unarmed Combat
   242 | D        | Reached XP level 4. HP: 46/50 MP: 2/2
   289 | D        | Noticed a water elemental
   293 | D        | Killed a water elemental
   293 | D        | Reached skill level 7 in Unarmed Combat
   293 | D        | Reached XP level 5. HP: 59/59 MP: 2/2
   302 | D        | Killed a white draconian scorcher
   317 | D        | Killed a white draconian scorcher
   341 | D        | Found a radiant altar of Vehumet.
   341 | D        | Found a deep blue altar of Sif Muna.
   341 | D        | Found an ancient bone altar of Kikubaaqudgha.
   341 | D        | Noticed a wizard
   347 | D        | Killed a wizard
   347 | D        | Acquired Trog's third power
   372 | D        | Found a glowing silver altar of Zin.
   372 | D        | Found a glowing golden altar of the Shining One.
   372 | D        | Found a white marble altar of Elyvilon.
   373 | D        | Noticed a deep elf priest
   379 | D        | Killed a deep elf priest
   379 | D        | Reached skill level 5 in Dodging
   379 | D        | Reached skill level 9 in Unarmed Combat
   379 | D        | Reached XP level 6. HP: 42/71 MP: 3/3
   529 | D        | Found an iron altar of Okawaru.
   529 | D        | Found a bloodstained altar of Trog.
   529 | D        | Noticed a human
   531 | D        | Noticed a human
   542 | D        | Killed a human
   542 | D        | Received a gift from Trog
   542 | D        | Reached XP level 7. HP: 32/80 MP: 3/3
   550 | D        | Killed a human
   550 | D        | Reached skill level 10 in Unarmed Combat
   655 | D        | Found a basalt altar of Yredelemnul.
   655 | D        | Found a snail-covered altar of Cheibriados.
   655 | D        | Found a blossoming altar of Fedhas.
   655 | D        | Noticed a necrophage
   655 | D        | Noticed a necromancer
   658 | D        | Killed a necrophage
   659 | D        | Killed a necromancer
   677 | D        | Noticed a jelly
   678 | D        | Noticed a shadow
   686 | D        | Killed a shadow
   688 | D        | Killed a jelly
   707 | D        | Found a stormy altar of Qazlal.
   707 | D        | Found a sacrificial altar of Ru.
   707 | D        | Found a burning altar of Makhleb.
   707 | D        | Found a shimmering altar of Xom.
   708 | D        | Noticed a spatial vortex
   708 | D        | Found a viscous altar of Jiyva.
   708 | D        | Found a shadowy altar of Dithmenos.
   708 | D        | Found a sparkling altar of Nemelex Xobeh.
   708 | D        | Found a corrupted altar of Lugonu.
   708 | D        | Found an opulent altar of Gozag.
   722 | D        | Killed a spatial vortex
   722 | D        | Reached skill level 11 in Unarmed Combat
   722 | D        | Reached XP level 8. HP: 92/92 MP: 3/3
   735 | D        | Killed an electric eel
   837 | D        | Noticed Snorg
   841 | D        | Slain by Snorg

Action                   |  1- 3 |  4- 6 |  7- 9 || total
-------------------------+-------+-------+-------++-------
Melee: Unarmed           |    27 |    21 |    31 ||    79
Invok: Berserk           |       |     2 |     1 ||     3
       Burn Spellbooks   |       |     1 |       ||     1
  Eat: Chunk             |     6 |       |     3 ||     9
